 Seeded DCSS version 0.28-a0-984-g3775c662fe (webtiles) character file.

Game seed: 12130800008223909736 (custom seed)

12406 croobank the Gouger (level 11, -1/49 HPs)
             Began as a Felid Delver on Dec 3, 2021.
             Was a High Priest of Vehumet.
             Slain by a water moccasin (9 damage)
             ... on level 3 of the Lair of Beasts on Dec 4, 2021.
             The game lasted 01:50:05 (11247 turns).

croobank the Gouger (Felid Delver)                 Turns: 11247, Time: 01:50:05

Health: -1/49      AC:  3    Str: 12    XL:     11   Next: 62%
Magic:  23/23      EV: 25    Int: 12    God:    Vehumet [*****.]
Gold:   210        SH:  0    Dex: 26    Spells: 11/24 levels left
                                        Lives:  0   Deaths: 3

rFire   . . .      SeeInvis +     - Unarmed
rCold   + . .      Faith    .   (shield unavailable)
rNeg    . . .      Spirit   .   (armour unavailable)
rPois   .          Reflect  .   (helmet unavailable)
rElec   .          Harm     .   (cloak unavailable)
rCorr   .          Rampage  .   (gloves unavailable)
Will    ++...                   (boots unavailable)
Stlth   +++++++...              l - amulet of regeneration
HPRegen 0.96/turn               y - ring "Faipeol" {Dex+6 Slay+3}
MPRegen 0.18/turn               w - ring of willpower

@: lethally poisoned (-1 -> -1), studying Unarmed Combat, quick
A: very small, claws 1, fangs 3, see invisible, speed 1, shaggy fur 3, stealthy
paws, no weapons or thrown items, no armour, multi-lived, thin skeletal
structure 1
a: Renounce Religion


You were on level 3 of the Lair of Beasts.
You worshipped Vehumet.
Vehumet was extremely pleased with you.
You visited 3 branches of the dungeon, and saw 15 of its levels.

You collected 846 gold pieces.
You spent 636 gold pieces at shops.

Inventory:

Missiles
 j - 212 stones
Jewellery
 c - a ring of fire
 l - an amulet of regeneration (around neck)
 m - a ring of fire
 n - an amulet of faith
 w - a ring of willpower (right paw)
 y - the ring "Faipeol" (left paw) {Dex+6 Slay+3}
   (You acquired it on level 6 of the Dungeon)

   [ring of dexterity]

   Dex:       It affects your dexterity (+6).
   Slay:      It affects your accuracy & damage with ranged weapons and melee
   (+3).
Wands
 e - a wand of digging (3)
 f - a wand of iceblast (12)
 g - a wand of mindburst (7)
 k - a wand of acid (3)
 z - a wand of paralysis (14)
 F - a wand of polymorph (13)
Scrolls
 a - 3 scrolls of fog
 b - 2 scrolls of magic mapping
 d - 2 scrolls of silence
 h - 2 scrolls of enchant armour
 p - 2 scrolls of enchant weapon {unknown}
 q - 2 scrolls of identify
 r - a scroll of brand weapon {unknown}
 s - 4 scrolls of immolation {unknown}
 u - 3 scrolls of holy word {unknown}
 v - 3 scrolls of amnesia {unknown}
 H - a scroll of vulnerability {unknown}
Potions
 i - 3 potions of berserk rage
 o - 4 potions of flight
 t - 3 potions of cancellation
 x - 2 potions of heal wounds
 A - a potion of magic
 B - 2 potions of might
 C - a potion of mutation
 D - 3 potions of curing
 E - a potion of brilliance
 G - 4 potions of lignification
 I - 2 potions of haste


   Skills:
 - Level 6.5 Fighting
 - Level 7.7 Dodging
 - Level 11.6 Stealth
 - Level 14.3 Unarmed Combat
 + Level 7.4 Spellcasting
 - Level 5.3 Conjurations
 + Level 9.1 Transmutations
 - Level 5.1 Fire Magic
 - Level 2.1 Air Magic
 - Level 7.8 Earth Magic
 - Level 5.1 Poison Magic


You had 11 spell levels left.
You knew the following spells:

 Your Spells              Type           Power      Damage    Failure   Level
a - Summon Small Mammal   Summ           16%        N/A       16%         1
b - Ignite Poison         Fire/Tmut/Pois 19%        N/A       1%          3
c - Conjure Ball Lightni  Conj/Air       6%         3x3d6     75%         6
d - Stone Arrow           Conj/Erth      40%        3d9       1%          3

Your spell library contained the following spells:

 Spells                   Type           Power      Damage    Failure   Level
 Iron Shot                Conj/Erth      10%        9d3       36%         6
 Shock                    Conj/Air       52%        1d6       1%          1
 Poisonous Vapours        Pois/Air       26%        N/A       1%          2
 Conjure Flame            Conj/Fire      17%        6-21      1%          3
 Petrify                  Tmut/Erth      24%        N/A       4%          4
 Fireball                 Conj/Fire      8%         3d6       13%         5
 Iskenderun's Battlesphe  Conj           17%        2d7       13%         5
 Animate Skeleton         Necr           8%         N/A       16%         1
 Apportation              Tloc           8%         N/A       16%         1
 Corpse Rot               Necr/Air       14%        N/A       16%         2
 Alistair's Intoxication  Tmut/Pois      14%        N/A       22%         5
 Statue Form              Tmut/Erth      16%        N/A       58%         6
 Silence                  Hex/Air        3%         N/A       95%         5
 Orb of Destruction       Conj           8%         9d4       96%         7
 Metabolic Englaciation   Hex/Ice        2%         N/A       99%         5


Dungeon Overview and Level Annotations

Branches:
Dungeon (11/15)            Temple (1/1) D:4            Lair (3/6) D:10
    Orc (0/2) D:11
  Swamp: Lair:2-4    Shoals: Lair:2-4     Snake: Lair:2-4    Spider: Lair:2-4

Altars:
Dithmenos
Elyvilon
Fedhas
Kikubaaqudgha
Okawaru
Ru
Sif Muna
Trog
Uskayaw
Vehumet
Xom
Yredelemnul

Shops:
D:6 =*[(   D:7 **(   D:9 *

Annotations:
Lair:1 exclusion: oklob plant


Innate Abilities, Weirdness & Mutations

You have sharp claws.
You have razor-sharp teeth.
You have supernaturally acute eyesight. (SInv)
You cover ground quickly. (Speed+)
Your thick and shaggy fur keeps you warm. (AC +3, rC+)
Your paws help you pounce on unaware monsters.
You are incapable of wielding weapons or throwing items.
You cannot wear armour.
You gain extra lives every three experience levels.
You have a somewhat thin skeletal structure. (Dex +2, Stealth+)


Message History

The polar bear completely misses you. The polar bear misses you.
The wolf closely misses you.
You scratch the wolf. Your bite misses the wolf.
The wolf is almost dead.
The wolf misses you.
You scratch the wolf.
You kill the wolf!
Vehumet accepts your kill. The polar bear barely misses you.
The polar bear completely misses you.
The polar bear claws you but does no damage.
The wolf completely misses you.
You mangle the wolf!! Your claw misses the wolf.
You bite the wolf, but do no damage.
The wolf is severely wounded.
The wolf barely misses you. The polar bear barely misses you.
The polar bear completely misses you. The polar bear closely misses you.
You closely miss the wolf.
The wolf is severely wounded.
The wolf closely misses you.
You barely miss the wolf.
The wolf is severely wounded.
The polar bear completely misses you. The polar bear closely misses you. x2
The wolf completely misses you.
You mangle the wolf!!
You kill the wolf!
Vehumet accepts your kill. The polar bear closely misses you.
The polar bear claws you.
The polar bear claws you but does no damage.
You claw the water moccasin!
The water moccasin is moderately wounded.
The water moccasin bites you!
You are poisoned.
The water moccasin poisons you! The polar bear bites you!
* * * LOW HITPOINT WARNING * * *
The polar bear completely misses you. The polar bear misses you.
You feel sick.
You feel sick.
You feel sick.
You feel sick. The water moccasin bites you!
You die...

. . .#### ....
#..# #..### ..h.
#..P# #.... #@h.#
#......
#S.†##^...........
##.#.#............
#..#.............
##...............
#..<............
##..............
##.............#
#............#


You could see a polar bear and a water moccasin.

Vanquished Creatures
  A boulder beetle (D:11)
  A hydra (Lair:1)
  Nergalle (Lair:2)
  A deep elf pyromancer (D:11)
  3 wizards (D:11)
  Pikel (D:8)
  2 ugly things (D:11)
  A cyclops (D:11)
  A black mamba (Lair:1)
  Joseph (D:10)
  Maggie (D:7)
  4 cane toads
  6 komodo dragons
  An unseen horror (D:11)
  A rime drake (Lair:2)
  6 trolls
  A hornet (D:11)
  8 blink frogs
  Sigmund (D:5)
  A shadow (D:11)
  Eustachio (D:6)
  38 yaks
  2 wyverns (D:10)
  3 basilisks
  2 wraiths (D:11)
  5 steam dragons
  5 vampire mosquitoes
  A two-headed ogre zombie (D:11)
  Pargi (D:3)
  2 water moccasins
  An ice beast (D:7)
  4 orc warriors
  4 sky beasts
  6 black bears
  A necrophage (D:6)
  3 centaurs
  10 wolves
  A phantom (D:11)
  4 lemures (D:8)
  5 bullfrogs
  A wyvern zombie (D:8)
  A gnoll sergeant (D:7)
  A troll zombie (D:11)
  A killer bee (D:11)
  3 wights (D:7)
  A howler monkey (D:9)
  3 centaur zombies
  4 hounds
  2 jellies (D:6)
  A bullfrog skeleton (D:6)
  3 gnoll shamans
  7 orc priests
  Jessica (D:3)
  An iguana (D:6)
  8 orc wizards
  6 ogre zombies (D:11)
  A hound zombie (D:5)
  A howler monkey zombie (D:9)
  A howler monkey skeleton (D:7)
  26 gnolls
  4 adders
  A shadow imp (D:5)
  A white imp (D:6)
  An ufetubus (D:5)
  An adder zombie (D:5)
  2 worms
  4 dart slugs
  19 orcs
  3 bats
  3 endoplasms (D:1)
  2 giant cockroaches
  4 goblins
  5 hobgoblins
  3 quokkas
  2 ball pythons (D:2)
  2 frilled lizards
  A goblin zombie (D:11)
  3 hobgoblin zombies (D:11)
  4 kobolds
  An orc skeleton (D:11)
  20 orc zombies (D:11)
  3 rats
304 creatures vanquished.

Vanquished Creatures (others)
  2 gnolls (D:7)
  46 fungi
  46 plants
94 creatures vanquished.

Grand Total: 398 creatures vanquished

Notes
Turn   | Place    | Note
-------+----------+-------------------------------------------
     0 | D:5      | croobank the Felid Delver began the quest for the Orb.
     0 | D:5      | Reached XP level 1. HP: 10/10 MP: 2/2
   486 | D:2      | Reached XP level 2. HP: 14/14 MP: 3/3
   778 | D:2      | You fall into a shaft and drop 2 floors!
  1252 | D:1      | Reached XP level 3. HP: 17/17 MP: 4/4
  2096 | D:2      | Identified 4 scrolls of acquirement
  2096 | D:2      | Acquired a manual of Unarmed Combat
  2121 | D:3      | Noticed Pargi
  2139 | D:3      | Killed Pargi
  2140 | D:3      | Reached skill level 4 in Unarmed Combat
  2140 | D:3      | Reached XP level 4. HP: 21/21 MP: 5/5
  2140 | D:3      | Reached XP level 5. HP: 24/24 MP: 6/6
  2448 | D:3      | Noticed Jessica
  2450 | D:3      | Killed Jessica
  2928 | D:4      | Found a staircase to the Ecumenical Temple.
  2934 | Temple   | Entered the Ecumenical Temple
  2968 | Temple   | Became a worshipper of Vehumet
  3164 | D:4      | Found a white marble altar of Elyvilon.
  3300 | D:4      | Learned a level 1 spell: Summon Small Mammal
  3358 | D:4      | Reached skill level 5 in Unarmed Combat
  3437 | D:4      | Noticed a black bear
  3487 | D:4      | Slain by a black bear
  3488 | D:4      | Reached XP level 4. HP: 0/21 MP: 5/5
  3750 | D:5      | Noticed a sky beast
  3761 | D:5      | Reached XP level 5. HP: 24/24 MP: 6/6
  3871 | D:4      | Killed a black bear
  3872 | D:4      | Reached skill level 6 in Unarmed Combat
  3872 | D:4      | Gained mutation: You are covered in thick fur. (AC +2)
                  | [Felid growth]
  3872 | D:4      | Reached XP level 6. HP: 8/28 MP: 7/7
  3963 | D:5      | Noticed Sigmund
  4007 | D:5      | Killed a sky beast
  4055 | D:5      | Killed Sigmund
  4056 | D:5      | Reached skill level 7 in Unarmed Combat
  4056 | D:5      | Reached XP level 7. HP: 31/31 MP: 8/8
  4252 | D:6      | Found Wetiomp's General Store.
  4297 | D:6      | Reached skill level 5 in Dodging
  4297 | D:6      | Reached skill level 8 in Unarmed Combat
  4306 | D:6      | Reached skill level 10 in Stealth
  4423 | D:6      | Found Leclugu's Jewellery Shop.
  4463 | D:6      | Found Hicsephi's Antique Armour Boutique.
  4487 | D:6      | Reached * piety under Vehumet
  4487 | D:6      | Offered knowledge of Magic Dart by Vehumet.
  4488 | D:6      | Reached skill level 9 in Unarmed Combat
  4532 | D:7      | Acquired a manual of Unarmed Combat
  4571 | D:6      | Found Ygyota's Weapon Shop.
  4605 | D:5      | Reached XP level 8. HP: 36/36 MP: 9/9
  4672 | D:6      | Noticed Eustachio
  4677 | D:6      | Killed Eustachio
  4678 | D:6      | Reached skill level 10 in Unarmed Combat
  4689 | D:6      | Bought a potion of berserk rage for 70 gold pieces
  4689 | D:6      | Bought a scroll of silence for 105 gold pieces
  4689 | D:6      | Bought a scroll of teleportation for 42 gold pieces
  5142 | D:7      | Found Mijiuple's Assorted Antiques.
  5167 | D:7      | Reached skill level 1 in Spellcasting
  5207 | D:7      | Bought a blackened diamond ring for 125 gold pieces
  5224 | D:7      | Reached skill level 11 in Unarmed Combat
  5301 | D:7      | Offered knowledge of Foxfire by Vehumet.
  5363 | D:7      | Noticed Maggie
  5367 | D:7      | Reached ** piety under Vehumet
  5392 | D:7      | Killed Maggie
  5393 | D:7      | Reached XP level 9. HP: 5/39 MP: 11/13
  5432 | D:6      | Acquired the ring "Faipeol" {Dex+6 Slay+3}
  5691 | D:8      | Noticed a troll
  5743 | D:8      | Reached skill level 12 in Unarmed Combat
  5762 | D:8      | Reached skill level 5 in Fighting
  5834 | D:8      | Found a sacrificial altar of Ru.
  5885 | D:8      | Reached skill level 13 in Unarmed Combat
  5948 | D:8      | Noticed Pikel
  5963 | D:8      | Killed Pikel
  5964 | D:8      | Reached XP level 10. HP: 20/45 MP: 16/16
  6217 | D:7      | Found Hobu's Weapon Emporium.
  6262 | D:7      | Found Sostroc's General Store.
  6277 | D:7      | Bought a potion of might for 44 gold pieces
  6506 | D:8      | Reached skill level 14 in Unarmed Combat
  6524 | D:8      | Gained mutation: You have a somewhat thin skeletal
                  | structure. (Dex +2, Stealth+) [potion of mutation]
  6525 | D:8      | Found a shimmering blue altar of Sif Muna.
  6553 | D:8      | Offered knowledge of Ignite Poison by Vehumet.
  6579 | D:8      | Reached skill level 1 in Transmutations
  6579 | D:8      | Reached skill level 1 in Fire Magic
  6579 | D:8      | Reached skill level 1 in Poison Magic
  6679 | D:8      | Learned a level 3 spell: Ignite Poison
  6818 | D:8      | Reached skill level 5 in Fire Magic
  6818 | D:8      | Reached skill level 5 in Poison Magic
  6818 | D:8      | Reached XP level 11. HP: 48/48 MP: 17/17
  6969 | D:9      | Reached *** piety under Vehumet
  7260 | D:9      | Learned a level 6 spell: Conjure Ball Lightning
  7320 | D:9      | Found Yqudeimu's Neck Hole.
  7463 | D:10     | Entered Level 10 of the Dungeon
  7576 | D:10     | Found a staircase to the Lair.
  7604 | D:10     | Offered knowledge of Stone Arrow by Vehumet.
  7605 | D:10     | Reached skill level 1 in Conjurations
  7605 | D:10     | Reached skill level 1 in Air Magic
  7659 | D:10     | Learned a level 3 spell: Stone Arrow
  7921 | D:10     | Found a basalt altar of Yredelemnul.
  7989 | D:10     | Noticed Joseph
  7997 | D:10     | Killed Joseph
  8041 | D:10     | Reached **** piety under Vehumet
  8048 | D:10     | Reached skill level 5 in Conjurations
  8052 | D:10     | Offered knowledge of Hailstorm by Vehumet.
  8301 | D:11     | Reached skill level 1 in Earth Magic
  8338 | D:11     | Noticed a boulder beetle
  8343 | D:11     | Killed a boulder beetle
  8344 | D:11     | Gained mutation: Your thick and shaggy fur keeps you warm.
                  | (AC +3, rC+) [Felid growth]
  8344 | D:11     | Reached XP level 12. HP: 53/53 MP: 20/20
  8534 | D:11     | Found a staircase to the Orcish Mines.
  8616 | D:11     | Reached ***** piety under Vehumet
  8626 | D:11     | Reached skill level 5 in Earth Magic
  8657 | D:11     | Offered knowledge of Iron Shot by Vehumet.
  8745 | D:11     | Got Koroz's Papyrus of Combed Thunderclap
  8753 | D:11     | Got the Incunabulum of Sand
  8808 | D:11     | Got the Papyrus of Dhcmrlchtdj
  9137 | D:11     | Noticed a five-headed hydra
  9147 | D:11     | HP: 2/53 [five-headed hydra (6)]
  9208 | D:10     | Acquired 1058 gold pieces
  9436 | D:7      | Bought a potion of haste for 250 gold pieces
  9496 | Lair:1   | Entered Level 1 of the Lair of Beasts
  9516 | Lair:1   | Reached skill level 5 in Spellcasting
  9930 | Lair:1   | Noticed a five-headed hydra
  9933 | Lair:1   | Killed a five-headed hydra
  9947 | Lair:1   | Slain by a black mamba
  9948 | Lair:1   | Reached XP level 11. HP: -2/49 MP: 21/21
 10126 | Lair:2   | Noticed Nergalle
 10149 | Lair:2   | Killed Nergalle
 10258 | Lair:2   | Reached XP level 12. HP: 53/53 MP: 22/22
 10396 | Lair:2   | Mangled by a komodo dragon
 10397 | Lair:2   | Reached XP level 11. HP: -8/49 MP: 21/21
 11247 | Lair:3   | Slain by a water moccasin

Illustrated notes

Levels and vault maps discovered:
D:1:      minmay_arrival_checkered_box, layout_basic, minmay_pentomino_q2
D:2:      layout_loops_cross
D:3:      layout_loops_corners, serial_bayou, serial_bayou_pond_c,
          serial_bayou_lagoon_b, serial_bayou_pond_c, serial_bayou_pond_e,
          uniq_pargi, uniq_jessica
D:4:      layout_basic, marbit_many_paths, minmay_temple_entry_enclosed_plants,
          hex_intersection
D:5:      layout_rooms, uniq_sigmund
D:6:      layout_rooms, serial_shops, shop, nicolae_diamond_shop,
          nicolae_shop_advertising_works [nicolae_subvault_shop_adworks], shop,
          chequers_serial_rivers_micro_a, uniq_eustachio
D:7:      layout_cave_pools, serial_gnoll_camp, gnoll_camp_mini_shop,
          gnoll_camp_mini_loothouse, gnoll_camp_mini_sergeant,
          gnoll_camp_mini_shop, serial_shops, kennysheep_little_box, uniq_maggie
D:8:      layout_basic, lemuel_round_altar, mainiacjoe_overflow_catwalk,
          uniq_pikel
D:9:      layout_cave_pools, nicolae_shop_sticking_my_neck_out
D:10:     layout_roguey, general_overflow_altar, due_lair_maze_entry_diamond,
          uniq_joseph
D:11:     minmay_quarter_circles, layout_small_grid, zombieorc2_lemuel,
          bh_hangedman_babel_library
Temple:   mainiacjoe_temple_coin_purse
Lair:1:   layout_loops_ring, minmay_lair_oklob_items, lemuel_old_faithful,
          serial_bayou_shore_b
Lair:2:   layout_cave_pods, beast_lair_carwin_3, uniq_nergalle
Lair:3:   layout_cave_pods, minmay_swamp_entry_swarm, st_stairs_8

Skill      XL: |  1  2  3  4  5  6  7  8  9 10 11 12 |
---------------+-------------------------------------+-----
Stealth        | 7 8 9 10 11 | 11.6
Dodging        | 3 4 5 6 7 |  7.7
Unarmed Combat | 4 6 7 9 11 13 14 | 14.3
Fighting       | 4 5 6 |  6.5
Spellcasting   | 2 3 7 6 |  7.4
Transmutations | 6 9 8 |  9.1
Fire Magic     | 5 |  5.1
Poison Magic   | 5 |  5.1
Conjurations   | 5 |  5.3
Air Magic      | 2 |  2.1
Earth Magic    | 2 7 |  7.8

Action                   |  1- 3 |  4- 6 |  7- 9 | 10-12 || total
-------------------------+-------+-------+-------+-------++-------
Melee: Unarmed           |    91 |    94 |   264 |   559 ||  1008
       Bite              |     9 |     6 |    32 |    88 ||   135
       Punch             |     1 |     2 |    18 |    56 ||    77
 Cast: Stone Arrow       |       |       |       |     1 ||     1
Evoke: Wand              |       |       |       |     4 ||     4
  Use: Scroll            |     2 |     1 |     4 |    17 ||    24
       Potion            |     1 |       |     1 |     8 ||    10
 Stab: Sleeping          |    12 |     7 |     7 |    28 ||    54
       Distracted        |       |       |       |     7 ||     7
       Paralysed         |       |       |       |     1 ||     1
Armor: Skin              |     5 |     1 |    12 |    26 ||    44
Dodge: Dodged            |    67 |    91 |   173 |   433 ||   764

Table legend: (Time is in decaauts)
 A = Elapsed time spent in this place.
 B = Non-inter-level travel time spent in this place.
 C = Inter-level travel time spent in this place.
 D = Time resting spent in this place.
 E = Time spent auto-exploring this place.
 F = Levels seen in this place.
 G = Mean time per level.
                   A        B        C        D        E       F      G
               +--------+--------+--------+--------+--------+-----+--------+
         Total |   9372 |   8831 |    541 |    652 |   4909 |  15 |  624.8 |
       Dungeon |   7895 |   7378 |    517 |    537 |   4163 |  11 |  717.7 |
        Temple |     38 |     28 |     10 |      0 |     16 |   1 |   38.0 |
          Lair |   1438 |   1425 |     13 |    115 |    730 |   3 |  479.3 |
               +--------+--------+--------+--------+--------+-----+--------+

Top non-repeatable levels by time:
  Lair:2: 944 daAuts
     D:2: 874 daAuts
     D:8: 819 daAuts
     D:7: 815 daAuts
    D:11: 799 daAuts
     D:3: 798 daAuts
     D:4: 739 daAuts
     D:1: 695 daAuts
     D:6: 694 daAuts
    D:10: 675 daAuts
     D:9: 520 daAuts
     D:5: 462 daAuts
  Lair:1: 454 daAuts
  Lair:3: 39 daAuts
  Temple: 38 daAuts
